 Dungeon Crawl Stone Soup version 0.30.0-29-ga12c61a403 (webtiles) character file.

Game seed: 12606811457472887739

343 qw the Shield-Bearer (level 6, -2/37 HPs)
             Began as a Gargoyle Fighter on June 3, 2023.
             Killed by divine providence
             ... invoked by an orc priest
              (12 damage)
             ... on level 6 of the Dungeon.
             The game lasted 00:01:09 (2420 turns).

qw the Shield-Bearer (Gargoyle Fighter)             Turns: 2420, Time: 00:01:10

Health: -2/37      AC: 15    Str: 20 (21) XL:     6   Next: 57%
Magic:  6/6        EV:  6    Int:  8 (9)  God:
Gold:   165        SH:  8    Dex:  6 (9)  Spells: 5/5 levels left

rFire   . . .        Y - +0 war axe
rCold   . . .        e - +0 kite shield
rNeg    + . .        i - +0 chain mail
rPois   inf          b - +0 helmet
rElec   +            (no cloak)
rCorr   .            g - +0 pair of gloves
SInv    .            (no boots)
Will    .....        (no amulet) Stlth
                     (no ring)
HPRegen 0.26/turn    (no ring)
MPRegen 0.10/turn

%: no passive effects
@: no status effects
A: sickness immunity, AC +4, negative energy resistance 1, electricity
resistance, torment resistance 1, petrification resistance
a: no special abilities


You were on level 6 of the Dungeon.
You visited 1 branch of the dungeon, and saw 5 of its levels.

You collected 165 gold pieces.


Innate Abilities, Weirdness & Mutations

You are immune to sickness and miasma.
Your stone body is resilient. (AC +4)
You are immune to poison.
You resist negative energy. (rN+)
You are resistant to electric shocks. (rElec)
You are resistant to unholy torment.
You are immune to petrification.


   Skills:
 - Level 3.2 Fighting
 + Level 4.4 Axes
 - Level 1.2 Throwing
 - Level 3.2 Armour
 - Level 5.7 Shields


You had 5 spell levels left.
You didn't know any spells.
Your spell library was empty.

Inventory:

Hand Weapons
 j - a +1 whip of electrocution
 Y - a +0 war axe (weapon)
Missiles
 k - 2 javelins (quivered)
Armour
 b - a +0 helmet (worn)
 e - a +0 kite shield (worn)
 g - a +0 pair of gloves (worn)
 i - a +0 chain mail (worn)
Scrolls
 a - a scroll of identify
Potions
 c - a potion of attraction
 d - a potion of might
 f - a potion of ambrosia {unknown}
 m - a potion of haste {unknown}
 n - a potion of curing {unknown}
 o - a potion of berserk rage {unknown}

Dungeon Overview and Level Annotations

Branches:
Dungeon (4/15)             Temple (0/1) D:4

Altars:
Gozag
Vehumet


Message History

2406 ||| DRINKING potion of heal wounds.
You feel much better. Something hits you. Something burns you.
Something hits you but does no damage. Something hits you but does no damage.
Something hits you but does no damage. Something hits you but does no damage.
You feel less confused. Something hits you. Something burns you.
You barely miss something. Something hits you but does no damage.
The orc priest invokes the aid of Beogh against you.
Something writhes in agony!
You miss something. Something hits you but does no damage.
The orc priest looks satisfied for a moment.
You block something's attack.
The orc priest looks encouraged for a moment.
You miss something. Something hits you but does no damage.
You completely miss something. Something hits you. Something burns you.
You closely miss something. Something hits you. Something burns you.
Something hits you but does no damage.
You miss something. Something hits you but does no damage.
You miss something. Something hits you. Something burns you.
The orc priest begins to cast a cantrip, but forgets the words!
You block something's attack.
You hit something. Something hits you but does no damage.
The orc priest miscasts a cantrip.
You barely miss something.
You hear some strange, mumbled words.
A magic dart appears from out of thin air!
The magic dart hits you.
The orc priest calls down the wrath of Beogh upon you.
Beogh smites you!
You die...

#. ..# #.
[.### #. ....#
#. ....# #.
....# #. o...#
#.##{oo.# #
#..@#
#..###.#######
#.............
#...##.#######
#.. #.# #. #.#
# #.# #.# #.#


You could see 3 orc priests.

Vanquished Creatures
  Sigmund (D:3)
  A scorpion (D:4)
  An iguana (D:4)
  Robin (D:3)
  4 adders
  An ufetubus (D:3)
  3 orcs
  6 ball pythons
  3 endoplasms (D:3)
  A giant cockroach (D:2)
  14 goblins
  A hobgoblin (D:3)
  5 quokkas
  4 bats
  3 frilled lizards
  3 kobolds
  3 rats
55 creatures vanquished.

Notes
Turn   | Place    | Note
-------+----------+-------------------------------------------
     0 | D:1      | qw the Gargoyle Fighter began the quest for the Orb.
     0 | D:1      | Reached XP level 1. HP: 14/14 MP: 1/1
     0 | D:1      | 0 ||| qw: Version: 0.2-a-103-g5a998e5
     0 | D:1      | 0 ||| qw: Game counter: 1012
     0 | D:1      | 0 ||| qw: Always use a shield: true
     0 | D:1      | 0 ||| qw: God list: Okawaru
     0 | D:1      | 0 ||| qw: Allow faded altars: false
     0 | D:1      | 0 ||| qw: Do Orc after D:15 true
     0 | D:1      | 0 ||| qw: Do second Lair branch before Depths: true
     0 | D:1      | 0 ||| qw: Lair rune preference: random
     0 | D:1      | 0 ||| qw: Plans: Normal, Zot:1-4, Slime:5, God:TSO, Crypt,
                  | Tomb, Pan, Hells, Abyss, Win
     0 | D:1      | 0 ||| PLANNING D:1-11
   258 | D:1      | Reached XP level 2. HP: 19/19 MP: 2/2
   267 | D:1      | Found a faded altar of an unknown god.
   657 | D:1      | 657 ||| UPGRADING to +0 pair of gloves.
   662 | D:1      | 662 ||| READING 3 scrolls labelled ZAPLALL JIEFO.
   663 | D:1      | 663 ||| READING scroll labelled MIEKUSS DIQEU.
   667 | D:1      | 667 ||| READING scroll labelled UGEAXZ LALOOPH.
   668 | D:1      | 668 ||| READING scroll labelled PIUMPO ZYIST.
   669 | D:1      | 669 ||| READING 2 scrolls of identify.
   669 | D:1      | 669 ||| IDENTIFYING blue potion
   893 | D:2      | Reached skill level 3 in Axes
   893 | D:2      | Reached XP level 3. HP: 23/23 MP: 3/3
  1215 | D:2      | 1215 ||| DROPPING +0 whip.
  1298 | D:2      | 1298 ||| UPGRADING to +0 kite shield.
  1308 | D:2      | 1308 ||| DROPPING +0 buckler.
  1309 | D:2      | 1309 ||| UPGRADING to +0 chain mail.
  1319 | D:2      | 1319 ||| DROPPING +0 scale mail.
  1320 | D:2      | 1320 ||| READING scroll labelled QIKKIPPEEXI.
  1347 | D:3      | Noticed Robin
  1348 | D:3      | 1348 ||| Stepping ~*~*~tactically~*~*~ (stealth).
  1355 | D:3      | 1355 ||| Stepping ~*~*~tactically~*~*~ (hiding).
  1371 | D:3      | Killed Robin
  1372 | D:3      | Reached skill level 1 in Throwing
  1383 | D:3      | Reached XP level 4. HP: 22/28 MP: 4/4
  1441 | D:3      | Found a radiant altar of Vehumet.
  1535 | D:3      | Noticed Sigmund
  1556 | D:3      | HP: 7/28 [something (1)]
  1557 | D:3      | Killed Sigmund
  1558 | D:3      | Reached skill level 5 in Shields
  1558 | D:3      | Reached XP level 5. HP: 8/32 MP: 5/5
  1756 | D:3      | Found a faded altar of an unknown god.
  1772 | D:3      | Reached XP level 6. HP: 26/37 MP: 6/6
  1813 | D:3      | Found an opulent altar of Gozag.
  2062 | D:3      | 2062 ||| UPGRADING to +0 helmet.
  2067 | D:3      | 2067 ||| READING 2 scrolls labelled CEOVOLEMMIE.
  2068 | D:3      | 2068 ||| READING scroll labelled KIENOGYPYF.
  2069 | D:3      | 2069 ||| DRINKING 2 fuming green potions.
  2070 | D:3      | 2070 ||| READING 2 scrolls of identify.
  2070 | D:3      | 2070 ||| IDENTIFYING bubbling green potion
  2071 | D:3      | 2071 ||| DROPPING scroll of butterflies.
  2072 | D:3      | 2072 ||| DROPPING potion of degeneration.
  2095 | D:4      | 2095 ||| PLANNING SEWER
  2123 | D:4      | Found a staircase to the Ecumenical Temple.
  2366 | D:4      | 2366 ||| Stepping ~*~*~tactically~*~*~ (stealth).
  2390 | D:4      | You fall into a shaft and drop 2 floors!
  2397 | D:6      | 2397 ||| Stepping ~*~*~tactically~*~*~ (hiding).
  2405 | D:6      | HP: 1/37 [orc priest/divine providence (10)]
  2406 | D:6      | 2406 ||| DRINKING potion of heal wounds.
  2420 | D:6      | Killed from afar by an orc priest

Levels and vault maps discovered:
D:1:      saegor_arrival_simple_e, layout_loops_cross,
          shapermc_ecumenical_altar_rom_forum, wad_floor_pattern_untrapped
D:2:      layout_basic, serial_rivers, chequers_serial_rivers_micro_b,
          chequers_serial_rivers_room_b, chequers_serial_rivers_large_b,
          chequers_serial_rivers_room_b, kennysheep_nondescript
D:3:      layout_basic, nicolae_overflow_ecumenical_swirl,
          mainiacjoe_overflow_boulevard, uniq_robin, uniq_sigmund
D:4:      layout_gridville, minmay_temple_entry_stoned_glass,
          gup_sewer_entry_bubbles, dk_noncrumbling_3, uniq_natasha
D:6:      layout_basic, trog_book, kennysheep_generic_room_3,
          uniq_crazy_yiuf_cottage, uniq_edmund

Skill      XL: |  1  2  3  4  5  6 |
---------------+-------------------+-----
Axes           | 2 3 4 |  4.4
Throwing       | 1 |  1.2
Shields        | 5 |  5.7
Fighting       | |  3.2
Armour         | |  3.2

Action                     |  1- 3 |  4- 6 || total
---------------------------+-------+-------++-------
  Melee: War axe           |    71 |   118 ||   189
  Throw: Javelin           |    12 |    14 ||    26
    Use: Scroll            |     6 |     3 ||     9
         Potion            |       |     2 ||     2
 Armour: Scale mail        |    21 |       ||    21
         Chain mail        |    30 |    80 ||   110
  Dodge: Dodged            |    17 |    26 ||    43
  Block: Buckler           |     5 |       ||     5
         Kite shield       |    18 |    53 ||    71

Table legend:
 A = Non-vault XP
 B = Vault XP
 C = Vault XP percentage of total XP
 D = Non-vault monster count
 E = Vault monster count
 F = Vault count percentage of total count
                 A         B        C        D         E       F
            +---------+---------+-------+---------+---------+-------
      Total |     242 |     248 |  50.6 |      43 |      12 |  21.8
            +---------+---------+-------+---------+---------+-------
        D:1 |      16 |       0 |   0.0 |      10 |       0 |   0.0
        D:2 |      30 |       0 |   0.0 |      11 |       0 |   0.0
        D:3 |      49 |     248 |  83.5 |      13 |      12 |  48.0
        D:4 |     144 |       0 |   0.0 |       8 |       0 |   0.0
        D:6 |       3 |       0 |   0.0 |       1 |       0 |   0.0
            +---------+---------+-------+---------+---------+-------
